 Dungeon Crawl Stone Soup version 0.28.0-45-g0d030f2227 (webtiles) character file.

Game seed: 8665191281568053236

77 Cykl0x the Digger (level 4, -1/24 HPs)
             Began as a Gargoyle Earth Elementalist on Apr 19, 2022.
             Slain by Grinder (4 damage)
             ... while paralysed by Grinder
             ... on level 3 of the Dungeon.
             The game lasted 00:03:10 (2214 turns).

Cykl0x the Digger (Gargoyle Earth Elementalist)     Turns: 2214, Time: 00:03:11

Health: -1/24      AC:  6    Str: 12    XL:     4   Next: 33%
Magic:  5/8        EV:  2    Int: 17    God:
Gold:   48         SH:  0    Dex: 10    Spells: 5/9 levels left

rFire   . . .      SeeInvis .   l - staff of poison
rCold   . . .      Faith    .   (no shield)
rNeg    + . .      Spirit   .   b - +0 robe
rPois   ∞          Reflect  .   g - +0 helmet
rElec   +          Harm     .   (no cloak)
rCorr   .          Rampage  .   (no gloves)
Will    .....                   (no boots)
Stlth   ++........              (no amulet)
HPRegen 0.08/turn               (no ring)
MPRegen 0.11/turn               (no ring)

@: paralysed
A: sickness immunity, AC +3, negative energy resistance 1, electricity
resistance, torment resistance 1, petrification resistance
a: no special abilities


You were on level 3 of the Dungeon.
You visited 1 branch of the dungeon, and saw 3 of its levels.

You collected 48 gold pieces.

Inventory:

Hand Weapons
 d - a +0 dagger of draining
 i - a +0 club
 j - a +0 whip
Missiles
 c - 5 stones
Armour
 b - a +0 robe (worn)
 g - a +0 helmet (worn)
 h - a +1 leather armour
Magical Staves
 l - a staff of poison (weapon)
Jewellery
 q - an amulet of guardian spirit
Wands
 n - a wand of charming (7)
Scrolls
 k - 3 scrolls of enchant weapon {unknown}
 m - a scroll of enchant armour
 o - a scroll of immolation {unknown}
 p - 2 scrolls of vulnerability {unknown}
Potions
 a - 2 potions of curing
 e - 2 potions of might {unknown}
 f - a potion of haste {unknown}


   Skills:
 + Level 1.7 Dodging
 - Level 2.1 Stealth
 + Level 3.1 Spellcasting
 * Level 1.4 Conjurations
 - Level 0.7 Transmutations
 + Level 4.5 Earth Magic


You had 5 spell levels left.
You knew the following spells:

 Your Spells              Type           Power      Damage    Failure   Level
a - Sandblast             Erth           36%        2d10      2%          1
b - Stone Arrow           Conj/Erth      24%        3d8       16%         3

Your spell library contained the following spells:

 Spells                   Type           Power      Damage    Failure   Level
 Passwall                 Tmut/Erth      9%         N/A       9%          2
 Petrify                  Tmut/Erth      11%        N/A       50%         4


Dungeon Overview and Level Annotations

Branches:
Dungeon (3/15)

Altars:
Qazlal
Uskayaw

Annotations:
D:3 Grinder


Innate Abilities, Weirdness & Mutations

You are immune to sickness and miasma.
Your stone body is resilient. (AC +3)
You are immune to poison.
You resist negative energy. (rN+)
You are resistant to electric shocks. (rElec)
You are resistant to unholy torment.
You are immune to petrification.


Message History

You suddenly lose the ability to move!
Grinder says, "Mostly I couldn't keep them alive."
Grinder hits you.
You can move again.
Unknown command.
You are too injured to fight recklessly!
You are too injured to fight recklessly!
You are too injured to fight recklessly!
Casting: Sandblast (safe; 2% risk of failure)
Confirm with . or Enter, or press ? or * to list all spells.
Aiming: Sandblast (safe; 2% risk of failure)
Press: ? - help, Shift-Dir - straight line, f/p - Grinder
Aim: Grinder, carrying a wand of flame (10) (77% to hit)
The blast of sand hits Grinder!
Grinder is moderately wounded.
Grinder barely misses you.
Unknown command.
Casting: Sandblast (safe; 2% risk of failure)
Confirm with . or Enter, or press ? or * to list all spells.
Aiming: Sandblast (safe; 2% risk of failure)
Press: ? - help, Shift-Dir - straight line, f/p - Grinder
Aim: Grinder, carrying a wand of flame (10) (moderately wounded, 77% to hit)
The blast of sand hits Grinder!
Grinder is heavily wounded.
Grinder hits you!
* * * LOW HITPOINT WARNING * * *
Casting: Sandblast (safe; 2% risk of failure)
Confirm with . or Enter, or press ? or * to list all spells.
Aiming: Sandblast (safe; 2% risk of failure)
Press: ? - help, Shift-Dir - straight line, f/p - Grinder
Aim: Grinder, carrying a wand of flame (10) (heavily wounded, 77% to hit)
The blast of sand misses Grinder.
Grinder gestures at you.
You suddenly lose the ability to move!
Grinder hits you.
* * * LOW HITPOINT WARNING * * *
You writhe in agony.
* * * LOW HITPOINT WARNING * * *
Grinder hits you.
You die...

...##.##.#
##.##.##.#### .#
............# .#
##>##.##.##.# .#
......##.##.# .# ##
##...############.##...
.....#......#... ... ..
####.#.♣♣.♣.#.###5##.#
# #.)..♣.♣('...@....# #
#.'.♣.♣..'...#.####
###.♣.♣♣.#.....#
#......##..###
########...# ##.## #.#
#.# #.#


You could see Grinder.

Vanquished Creatures
  A bullfrog skeleton (D:3)
  An adder (D:3)
  A dart slug (D:3)
  2 ball pythons
  4 bats (D:1)
  5 endoplasms
  A giant cockroach (D:3)
  2 goblins
  5 hobgoblins
  3 kobolds
  2 quokkas
  4 frilled lizards
  4 rats
35 creatures vanquished.

Notes
Turn   | Place    | Note
-------+----------+-------------------------------------------
     0 | D:1      | Cykl0x the Gargoyle Earth Elementalist began the quest for
                  | the Orb.
     0 | D:1      | Reached XP level 1. HP: 10/10 MP: 3/3
   168 | D:1      | Reached XP level 2. HP: 15/15 MP: 3/5
   213 | D:1      | Reached skill level 4 in Earth Magic
   549 | D:1      | Reached skill level 1 in Conjurations
   849 | D:2      | Reached XP level 3. HP: 19/19 MP: 2/6
   853 | D:2      | Learned a level 3 spell: Stone Arrow
  1112 | D:2      | Found a stormy altar of Qazlal.
  1748 | D:3      | Noticed a +0 dagger
  1748 | D:3      | Noticed a +0 hand axe
  1752 | D:3      | Found a hide-covered altar of Uskayaw.
  2031 | D:3      | Reached XP level 4. HP: 24/24 MP: 3/8
  2205 | D:3      | Noticed Grinder
  2206 | D:3      | Paralysed by Grinder for 4 turns
  2212 | D:3      | Paralysed by Grinder for 3 turns
  2214 | D:3      | Slain by Grinder

Illustrated notes

Levels and vault maps discovered:
D:1:      lightli_arrival_statuegarden, layout_loops_ring
D:2:      layout_rooms, basic_altar
D:3:      layout_loops_ring, dancing_weapons_uskayaw, st_stairs_7,
          kennysheep_generic_room_12, uniq_grinder

Skill      XL: |  1  2  3 |
---------------+----------+-----
Earth Magic    | 4 |  4.5
Conjurations   | 1 |  1.4
Spellcasting   | 3 |  3.1
Dodging        | |  1.7
Stealth        | |  2.1
Transmutations | |  0.7

Action                   |  1- 3 |  4- 6 || total
-------------------------+-------+-------++-------
Melee: Staff             |     7 |     6 ||    13
       Whip              |     1 |       ||     1
       Punch             |     1 |       ||     1
 Cast: Sandblast         |    35 |     8 ||    43
       Stone Arrow       |     8 |       ||     8
  Use: Scroll            |     5 |       ||     5
Armor: Robe              |     4 |     1 ||     5
Dodge: Dodged            |     6 |     5 ||    11
